 Dungeon Crawl Stone Soup version 0.21.2-1-g0862bd23eb (webtiles) character file.

359 MisterOstroum the Grave Robber (level 6, -7/44 HPs)
             Began as a Gnoll Necromancer on Jan 6, 2020.
             Was an Initiate of Cheibriados.
             Mangled by an orc warrior
             ... wielding a +0 battleaxe
              (22 damage)
             ... on level 4 of the Dungeon.
             The game lasted 00:23:22 (3559 turns).

MisterOstroum the Grave Robber (Gnoll Necromancer)  Turns: 3559, Time: 00:23:22

Health: -7/44      AC:  3    Str: 13    XL:     6   Next: 65%
Magic:  14/14      EV: 15    Int: 22    God:    Cheibriados [......]
Gold:   141        SH:  0    Dex: 17    Spells: 2/15 levels left

rFire    . . .     SeeInvis .   a - +2 whip (elec)
rCold    . . .     Gourm    +   (no shield)
rNeg     . . .     Faith    .   z - +0 leather armour
rPois    .         Spirit   .   (no helmet)
rElec    .         Reflect  .   (no cloak)
rCorr    .         Harm     .   (no gloves)
MR       .....                  (no boots)
Stlth    +++.......             d - amulet of the gourmand
HPRegen  0.14/turn              (no ring)
MPRegen  0.14/turn              (no ring)

@: very slow
A: distributed training, fangs 1, clever 1, strong 1, strong nose
a: Bend Time, Renounce Religion


You were on level 4 of the Dungeon.
You worshipped Cheibriados.
Cheibriados was noncommittal.
You were not hungry.

You visited 1 branch of the dungeon, and saw 4 of its levels.

You collected 141 gold pieces.

Inventory:

Hand Weapons
 a - a +2 whip of electrocution (weapon)
 b - a +0 hunting sling
 h - a +0 spear
 i - a +0 short sword
 l - a +0 dagger
Missiles
 c - 89 stones
 p - 86 arrows
 r - 5 tomahawks (quivered)
 v - 25 sling bullets
Armour
 f - a +0 scale mail
 k - a +0 robe
 z - a +0 leather armour (worn)
Jewellery
 d - an amulet of the gourmand (around neck)
Wands
 A - a wand of flame (18)
Scrolls
 o - 2 scrolls of remove curse
 u - a scroll of immolation {unknown}
 C - a scroll of enchant armour {unknown}
Potions
 g - a potion of curing {@q1 !q}
 q - 3 potions of heal wounds
 x - a potion of haste {@q4 !q}
Books
 j - a book of Necromancy

   Spells                             Type                      Level
   a - Pain                           Necromancy                   1
   b - Animate Skeleton               Necromancy                   1
   c - Vampiric Draining              Necromancy                   3
   d - Regeneration                   Charms/Necromancy            3
   e - Animate Dead                   Necromancy                   4
   f - Borgnjor's Vile Clutch         Necromancy/Earth             5
 t - a book of Minor Magic

   Spells                             Type                      Level
   a - Magic Dart                     Conjuration                  1
   b - Blink                          Translocation                2
   c - Call Imp                       Summoning                    2
   d - Slow                           Hexes                        2
   e - Conjure Flame                  Conjuration/Fire             3
   f - Mephitic Cloud                 Conjuration/Poison/Air       3
Comestibles
 e - 7 rations


   Skills:
 + Level 2.0 Fighting
 + Level 2.0 Short Blades
 + Level 2.0 Long Blades
 + Level 2.0 Axes
 + Level 2.0 Maces & Flails
 + Level 2.0 Polearms
 + Level 2.0 Staves
 + Level 2.0 Slings
 + Level 2.0 Bows
 + Level 2.0 Crossbows
 + Level 2.0 Throwing
 + Level 2.0 Armour
 + Level 5.0 Dodging
 + Level 4.6 Stealth
 + Level 2.0 Shields
 + Level 2.0 Unarmed Combat
 + Level 5.4 Spellcasting
 + Level 1.6 Conjurations
 + Level 1.6 Hexes
 + Level 1.6 Charms
 + Level 1.6 Summonings
 + Level 7.3 Necromancy
 + Level 1.6 Translocations
 + Level 1.6 Transmutations
 + Level 1.6 Fire Magic
 + Level 1.6 Ice Magic
 + Level 1.6 Air Magic
 + Level 1.6 Earth Magic
 + Level 1.6 Poison Magic
 + Level 2.2 Invocations
 + Level 2.0 Evocations


You had 2 spell levels left.
You knew the following spells:

 Your Spells              Type           Power        Failure   Level  Hunger
a - Pain                  Necr           ####         1%          1    None
b - Vampiric Draining     Necr           #####.....   1%          3    ##.....
c - Animate Dead          Necr           N/A          6%          4    ####...
B - Blink                 Tloc           N/A          10%         2    None
H - Regeneration          Chrm/Necr      ####......   6%          3    ##.....


Dungeon Overview and Level Annotations

Branches:
Dungeon (4/15)
 Temple: D:4-7

Altars:
Cheibriados
Elyvilon
Fedhas
Qazlal
Vehumet
Wu Jian

Annotations:
D:4 CALLOUS's ghost, novice HOAK


Innate Abilities, Weirdness & Mutations

Your experience applies equally to all skills.
You have very sharp teeth.
Your uncanny sense of smell can sniff out nearby items.
Your mind is acute. (Int +2)
Your muscles are strong. (Str +2)


Message History

The puff of flame hits CALLOUS's ghost.
CALLOUS's ghost is lightly damaged.
It was a potion of mutation.
You feel extremely strange.
You feel clever.
You feel stronger. CALLOUS's ghost closely misses you.
It was a potion of resistance.
You feel protected. CALLOUS's ghost hits you!
You hit CALLOUS's ghost.
You bite CALLOUS's ghost, but do no damage.
CALLOUS's ghost is lightly damaged.
CALLOUS's ghost hits you but does no damage.
Casting: Pain
Confirm with . or Enter, or press ? or * to list all spells.
Your skin crawls.
You are near starving!
CALLOUS's ghost hits you.
Casting: Regeneration
Confirm with . or Enter, or press ? or * to list all spells.
You blink.
Casting: Blink
Confirm with . or Enter, or press ? or * to list all spells.
You don't know that spell.
Quiver which item? (- for none, * to show all) (? for menu, Esc to quit)
Okay, then.
Wield which item (- for none, * to show all)? (? for menu, Esc to quit)
Your +2 whip of electrocution stops crackling.
b - a +0 hunting sling (weapon)
Firing (i - inventory. (,) - cycle):
c - 89 stones (quivered)
Press: ? - help, Shift-Dir - straight line, f/p - CALLOUS's ghost
Aim: CALLOUS's ghost (lightly damaged)
Okay, then.
Firing (i - inventory. (,) - cycle):
v - 27 sling bullets (quivered)
Press: ? - help, Shift-Dir - straight line, f/p - CALLOUS's ghost
Aim: CALLOUS's ghost (lightly damaged)
You shoot a sling bullet.
The sling bullet closely misses CALLOUS's ghost.
Firing (i - inventory. (,) - cycle):
v - 26 sling bullets (quivered)
Press: ? - help, Shift-Dir - straight line, f/p - CALLOUS's ghost
Aim: CALLOUS's ghost (lightly damaged)
You shoot a sling bullet.
The sling bullet barely misses CALLOUS's ghost.
Casting: Blink
Confirm with . or Enter, or press ? or * to list all spells.
You blink.
The orc shouts!
CALLOUS's ghost stares at you.
Casting: Blink
Confirm with . or Enter, or press ? or * to list all spells.
You blink.
CALLOUS's ghost whispers, "Meet the emptiness of death!"
Casting: Blink
Confirm with . or Enter, or press ? or * to list all spells.
You blink.
CALLOUS's ghost whispers, "They're coming for you..."
Your skin is crawling a little less now.
Your skin stops crawling.
CALLOUS's ghost hits you!
There is a stone staircase leading up, spattered with blood here.
CALLOUS's ghost barely misses you. CALLOUS's ghost hits you.
You climb upwards.
There is a stone staircase leading down here.
Wield which item (- for none, * to show all)? (? for menu, Esc to quit)
You hear the crackle of electricity.
a - a +2 whip of electrocution (weapon)
The orc closely misses you.
You hit the orc but do no damage. The orc closely misses you.
You hit the orc. Lightning courses through the orc!
You kill the orc!
Cheibriados thoroughly appreciates the change of pace.
Things that are here:
a dagger; a ring mail There isn't anything to butcher here.
Things that are here:
a dagger; a ring mail You eat one of the 8 rations.
That ration really hit the spot!
There is a stone staircase leading down here.
You start resting.
You start to feel less resistant.
You start resting.
Your resistance to elements expires.
Unknown command.
You start resting.
Magic restored.
You start resting.
HP restored.
You climb downwards.
You hear the sound of rushing water.
There is an entrance to a sewer on this level.
Hurry and find it before the portal rusts away!
Level annotation: CALLOUS's ghost, novice HOAK You hear the quick rusting of a very distant drain.
The orc warrior hits you with a battleaxe!!
Ouch! That really hurt!
CALLOUS's ghost barely misses you.
There is a stone staircase leading up, spattered with blood here.
Unknown command.
The orc warrior hits you with a battleaxe!!
Ouch! That really hurt!
You die...

#...........#.....#
#...........+o....#
#......######.....#
#......#..........#
#'######..........#
#......#..........#
#......#..........#
#......#.o........#
#......#..@.......#
##'######.W........#
#...........########
#>..........#
#...........#
#...........#
#...........#
#############


You could see an orc warrior, an orc wizard (wandering) and CALLOUS's ghost.

Vanquished Creatures
  An ogre (D:3)
  A crimson imp (D:3)
  An orc wizard (D:3)
  Ijyb (D:3)
  Natasha (D:2)
  7 gnolls
  An adder (D:2)
  An ooze (D:2)
  A worm (D:2)
  3 dart slugs
  5 leopard geckos
  10 orcs (D:3)
  6 bats
  A giant cockroach (D:1)
  8 goblins
  8 hobgoblins
  3 jackals (D:2)
  2 frilled lizards
  3 kobolds
  4 rats (D:1)
68 creatures vanquished.

Notes
Turn   | Place    | Note
-------+----------+-------------------------------------------
     0 | D:1      | MisterOstroum the Gnoll Necromancer began the quest for the Orb.
     0 | D:1      | Reached XP level 1. HP: 13/13 MP: 6/6
   229 | D:1      | Reached XP level 2. HP: 19/19 MP: 5/7
   751 | D:1      | Reached XP level 3. HP: 24/25 MP: 6/9
   756 | D:1      | Learned a level 3 spell: Vampiric Draining
   760 | D:1      | Learned a level 3 spell: Regeneration
   794 | D:1      | Reached skill level 5 in Spellcasting
  1436 | D:2      | Found a white marble altar of Elyvilon.
  1450 | D:2      | Reached skill level 1 in Invocations
  1628 | D:2      | Noticed Natasha
  1665 | D:2      | Killed Natasha
  1665 | D:2      | Reached skill level 1 in Fighting
  1665 | D:2      | Reached skill level 1 in Short Blades
  1665 | D:2      | Reached skill level 1 in Long Blades
  1665 | D:2      | Reached skill level 1 in Axes
  1665 | D:2      | Reached skill level 1 in Maces & Flails
  1665 | D:2      | Reached skill level 1 in Polearms
  1665 | D:2      | Reached skill level 1 in Staves
  1665 | D:2      | Reached skill level 1 in Slings
  1665 | D:2      | Reached skill level 1 in Bows
  1665 | D:2      | Reached skill level 1 in Crossbows
  1665 | D:2      | Reached skill level 1 in Throwing
  1665 | D:2      | Reached skill level 1 in Armour
  1665 | D:2      | Reached skill level 1 in Shields
  1665 | D:2      | Reached skill level 1 in Unarmed Combat
  1665 | D:2      | Reached skill level 1 in Evocations
  1665 | D:2      | Reached XP level 4. HP: 19/32 MP: 3/11
  1674 | D:2      | Learned a level 4 spell: Animate Dead
  1677 | D:2      | Learned a level 2 spell: Blink
  1862 | D:2      | Reached skill level 1 in Conjurations
  1862 | D:2      | Reached skill level 1 in Hexes
  1862 | D:2      | Reached skill level 1 in Charms
  1862 | D:2      | Reached skill level 1 in Summonings
  1862 | D:2      | Reached skill level 1 in Translocations
  1862 | D:2      | Reached skill level 1 in Transmutations
  1862 | D:2      | Reached skill level 1 in Fire Magic
  1862 | D:2      | Reached skill level 1 in Ice Magic
  1862 | D:2      | Reached skill level 1 in Air Magic
  1862 | D:2      | Reached skill level 1 in Earth Magic
  1862 | D:2      | Reached skill level 1 in Poison Magic
  2218 | D:3      | Reached XP level 5. HP: 37/37 MP: 10/12
  2432 | D:3      | Found a radiant altar of Vehumet.
  2455 | D:3      | Found a blossoming altar of Fedhas.
  2455 | D:3      | Found a stormy altar of Qazlal.
  2556 | D:3      | Noticed Ijyb
  2584 | D:3      | Killed Ijyb
  2934 | D:3      | Reached XP level 6. HP: 43/44 MP: 10/13
  3125 | D:3      | Found an ornate altar of the Wu Jian Council.
  3170 | D:4      | Noticed an orc warrior
  3178 | D:4      | Noticed CALLOUS's ghost (novice HOAK)
  3186 | D:3      | Reached skill level 5 in Dodging
  3325 | D:4      | Found a snail-covered altar of Cheibriados.
  3333 | D:4      | Became a worshipper of Cheibriados the Contemplative
  3457 | D:4      | Gained mutation: Your mind is acute. (Int +2) [potion of mutation]
  3457 | D:4      | Gained mutation: Your muscles are strong. (Str +2) [potion of mutation]
  3559 | D:4      | Mangled by an orc warrior

Skill      XL: |  1  2  3  4  5  6 |
---------------+-------------------+-----
Spellcasting   | 5 |  5.4
Invocations    | 1 2 |  2.2
Fighting       | 1 2 |  2.0
Short Blades   | 1 2 |  2.0
Long Blades    | 1 2 |  2.0
Axes           | 1 2 |  2.0
Maces & Flails | 1 2 |  2.0
Polearms       | 1 2 |  2.0
Staves         | 1 2 |  2.0
Slings         | 1 2 |  2.0
Bows           | 1 2 |  2.0
Crossbows      | 1 2 |  2.0
Throwing       | 1 2 |  2.0
Armour         | 1 2 |  2.0
Shields        | 1 2 |  2.0
Unarmed Combat | 1 2 |  2.0
Evocations     | 1 2 |  2.0
Conjurations   | 1 |  1.6
Hexes          | 1 |  1.6
Charms         | 1 |  1.6
Summonings     | 1 |  1.6
Translocations | 1 |  1.6
Transmutations | 1 |  1.6
Fire Magic     | 1 |  1.6
Ice Magic      | 1 |  1.6
Air Magic      | 1 |  1.6
Earth Magic    | 1 |  1.6
Poison Magic   | 1 |  1.6
Dodging        | 5 |  5.0
Stealth        | |  4.6
Necromancy     | |  7.3

Action                   |  1- 3 |  4- 6 || total
-------------------------+-------+-------++-------
Melee: Whip              |     3 |    21 ||    24
       Bite              |     1 |     5 ||     6
       Dagger            |       |     1 ||     1
 Fire: Hunting sling     |     6 |    48 ||    54
Throw: Stone             |     5 |     3 ||     8
 Cast: Pain              |    55 |    41 ||    96
       Regeneration      |     1 |     7 ||     8
       Vampiric Draining |       |     2 ||     2
       Animate Dead      |       |     1 ||     1
       Blink             |       |     5 ||     5
Evoke: Wand              |       |     3 ||     3
  Use: Scroll            |       |     7 ||     7
       Potion            |       |     3 ||     3
 Stab: Sleeping          |       |     2 ||     2
  Eat: Chunk             |     2 |     5 ||     7
       Ration            |       |     1 ||     1
Armor: Leather armour    |       |     3 ||     3
       Robe              |       |     1 ||     1
Dodge: Dodged            |     9 |    19 ||    28
